 Dungeon Crawl Stone Soup version 0.20-a0-656-g9b0dcd9 (webtiles) character file.

2986 Alarkh the Thaumaturge (level 9, -4/60 HPs)
             Began as a Mummy Necromancer on Feb 16, 2017.
             Was a Follower of Okawaru.
             Slain by a two-headed ogre
             ... wielding a +0 giant club
              (25 damage)
             ... on level 9 of the Dungeon.
             The game lasted 00:13:04 (7683 turns).

Alarkh the Thaumaturge (Mummy Necromancer)          Turns: 7683, Time: 00:13:04

Health: -4/60      AC:  3    Str: 12    XL:     9   Next: 53%
Magic:  21/21      EV: 19    Int: 17    God:    Okawaru [*.....]
Gold:   368        SH:  0    Dex: 12    Spells: 12/24 levels left

rFire    x . .     SeeInvis .   a - +3 scimitar
rCold    + . .     Gourm    .   j - +0 robe
rNeg     + + +     Faith    .   (no shield)
rPois    ∞         Spirit   .   (no helmet)
rElec    .         Reflect  .   (no cloak)
rCorr    .         Harm     .   (no gloves)
MR       +....                  f - +0 pair of boots
Stlth    ++........             (no amulet)
Regen    0.2/turn               n - +4 ring of evasion
MPRegen  0.2/turn               r - +3 ring of evasion

@: no status effects
A: no food or potions, fire vulnerability, cold resistance 1, negative energy
resistance 3, torment resistance, unbreathing
a: Heroism, Renounce Religion


You were on level 9 of the Dungeon.
You worshipped Okawaru.
Okawaru was aware of your devotion.
You were not hungry.

You visited 2 branches of the dungeon, and saw 10 of its levels.

You collected 368 gold pieces.

Inventory:

Hand Weapons
 a - a +3 scimitar (weapon)
 d - a +0 spear
 p - a +1 long sword
Armour
 f - a +0 pair of boots (worn)
 j - a +0 robe (worn)
Jewellery
 l - an uncursed ring of stealth
 n - a +4 ring of evasion (right hand)
 r - a +3 ring of evasion (left hand)
Wands
 k - a wand of lightning (6/15)
 q - a wand of digging (11/24)
Scrolls
 c - 3 scrolls of teleportation
 e - a scroll of identify
 g - 4 scrolls of remove curse
 h - 2 scrolls of blinking
 i - 2 scrolls of amnesia
 m - 4 scrolls of fog
 o - a scroll of enchant armour
Books
 b - a book of Necromancy

   Spells                             Type                      Level
   a - Pain                           Necromancy                   1
   b - Animate Skeleton               Necromancy                   1
   c - Vampiric Draining              Necromancy                   3
   d - Regeneration                   Charms/Necromancy            3
   e - Animate Dead                   Necromancy                   4
   f - Control Undead                 Necromancy                   4


   Skills:
 + Level 1.6 Fighting
 * Level 7.5 Long Blades
 + Level 2.3 Dodging
 - Level 1.5 Stealth
 - Level 8.0 Spellcasting
 - Level 8.0 Necromancy


You had 12 spell levels left.
You knew the following spells:

 Your Spells              Type           Power        Failure   Level  Hunger
a - Pain                  Necr           ####         1%          1    N/A
c - Control Undead        Necr           ####......   4%          4    N/A
d - Animate Dead          Necr           N/A          4%          4    N/A
e - Vampiric Draining     Necr           ####......   1%          3    N/A

Dungeon Overview and Level Annotations

Branches:
Dungeon (9/15)             Temple (1/1) D:6
   Lair: D:8-11         Orc: D:9-12

Altars:
Ashenzari
Cheibriados
Dithmenos
Elyvilon
Fedhas
Gozag
Hepliaklqana
Kikubaaqudgha
Makhleb
Nemelex Xobeh
Okawaru
Qazlal
Ru
Sif Muna
Trog
Uskayaw
Vehumet
Xom
Yredelemnul
Zin
The Shining One

Shops:
D:7 [

Annotations:
D:1 1 exclusion
D:7 exclusion: upstairs


Innate Abilities, Weirdness & Mutations

You do not eat or drink.
Your flesh is vulnerable to fire.
You are immune to poison.
Your flesh is cold resistant. (rC+)
You are immune to negative energy. (rN+++)
You are immune to unholy pain and torment.
You can survive without breathing.


Message History

The stone hits you but does no damage.
The kobold throws a stone.
The stone misses you. The kobold closely misses you.
A two-headed ogre comes into view. It is wielding two giant clubs.
You barely miss the kobold. The kobold misses you.
The kobold throws a stone.
The stone misses you.
The kobold throws a stone.
The stone misses you. The kobold barely misses you.
You riposte.
You closely miss the kobold.
The two-headed ogre shouts in stereo!
You slash the kobold!
You kill the kobold!
The kobold closely misses you.
You riposte.
You slash the kobold!
You kill the kobold!
You closely miss the kobold. The kobold hits you but does no damage.
You barely miss the kobold. The kobold misses you.
You slash the kobold!
You kill the kobold!
Okawaru accepts your kill.
You hit the two-headed ogre.
The two-headed ogre is lightly wounded.
The two-headed ogre hits you with a giant club!! x2
You die...

. .#
######.####
#.(.......#
#...<.....#
#....)....+
#.........#
#(†.......#
#)@)......#
##O########
#.K ###. .#
#


You could see a two-headed ogre and a kobold.

Vanquished Creatures
  A hippogriff (D:8)
  A vampire (D:6)
  Eustachio (D:5)
  Duvessa (D:7)
  2 orc warriors (D:6)
  3 ogres
  6 centaurs
  2 big kobolds
  3 bullfrogs
  Dowan (D:7)
  3 howler monkeys (D:9)
  2 crimson imps
  6 hounds
  5 orc priests
  4 orc wizards
  2 bullfrog skeletons
  An iguana (D:4)
  Ijyb (D:3)
  7 worker ants
  A howler monkey skeleton (D:8)
  8 adders
  A shadow imp (D:5)
  2 oozes
  2 worms
  4 dart slugs
  5 leopard geckos
  26 orcs
  9 bats
  6 giant cockroaches
  6 goblins
  12 hobgoblins
  3 jackals (D:3)
  3 quokkas
  3 ball pythons
  6 frilled lizards
  A giant cockroach zombie (D:6)
  A jackal zombie (D:6)
  11 kobolds
  A quokka skeleton (D:4)
  4 rats
167 creatures vanquished.

Vanquished Creatures (collateral kills)
  Edmund (D:6)
1 creature vanquished.

Grand Total: 168 creatures vanquished

Notes
Turn   | Place    | Note
-------+----------+-------------------------------------------
     0 | D:1      | Alarkh the Mummy Necromancer began the quest for the Orb.
     0 | D:1      | Reached XP level 1. HP: 13/13 MP: 4/4
   120 | D:1      | Reached XP level 2. HP: 18/19 MP: 1/6
   880 | D:2      | Reached XP level 3. HP: 24/24 MP: 4/8
   887 | D:2      | Learned a level 3 spell: Vampiric Draining
  1446 | D:2      | Reached XP level 4. HP: 24/30 MP: 5/10
  1472 | D:2      | Found a basalt altar of Yredelemnul.
  1800 | D:3      | Noticed Ijyb
  1807 | D:3      | Killed Ijyb
  1827 | D:3      | Reached skill level 5 in Necromancy
  1892 | D:3      | Reached skill level 1 in Long Blades
  2004 | D:3      | Reached XP level 5. HP: 25/35 MP: 1/12
  2521 | D:3      | Reached skill level 5 in Spellcasting
  2616 | D:3      | Found a deep blue altar of Sif Muna.
  2757 | D:4      | Noticed an ogre
  2766 | D:4      | Killed an ogre
  2766 | D:4      | Reached XP level 6. HP: 20/41 MP: 4/13
  2772 | D:4      | Learned a level 4 spell: Control Undead
  2777 | D:4      | Learned a level 4 spell: Animate Dead
  3020 | D:4      | Found a shattered altar of Ashenzari.
  3020 | D:4      | Found a snail-covered altar of Cheibriados.
  3180 | D:4      | Found a sparkling altar of Nemelex Xobeh.
  3575 | D:5      | Entered Level 5 of the Dungeon
  3607 | D:5      | Reached XP level 7. HP: 46/46 MP: 10/15
  3626 | D:5      | Noticed Eustachio
  3653 | D:5      | Killed Eustachio
  3663 | D:5      | Found a sparkling altar of Nemelex Xobeh.
  4335 | D:5      | Reached XP level 8. HP: 32/52 MP: 7/18
  4443 | D:5      | Found a shadowy altar of Dithmenos.
  4443 | D:5      | Found an ancient bone altar of Kikubaaqudgha.
  4593 | D:6      | Reached skill level 5 in Long Blades
  5519 | D:6      | Found a staircase to the Ecumenical Temple.
  5553 | Temple   | Entered the Ecumenical Temple
  5793 | Temple   | Became a worshipper of Warmaster Okawaru
  5818 | D:6      | Noticed Edmund
  5829 | D:6      | Killed Edmund
  5831 | D:6      | Noticed a skeletal warrior
  6172 | D:6      | Noticed a six-headed hydra
  6293 | D:7      | Found a burning altar of Makhleb.
  6624 | D:7      | Found Amiudwam's Armour Shop.
  6638 | D:7      | Noticed Duvessa
  6638 | D:7      | Noticed Dowan
  6651 | D:7      | Killed Duvessa
  6651 | D:7      | Reached XP level 9. HP: 51/57 MP: 15/21
  6654 | D:7      | Killed Dowan
  7075 | D:8      | Reached * piety under Okawaru
  7531 | D:8      | Noticed a death knight
  7540 | D:8      | Noticed a phantasmal warrior
  7541 | D:8      | Noticed a freezing wraith
  7577 | D:9      | Reached skill level 1 in Fighting
  7678 | D:9      | Noticed a two-headed ogre
  7683 | D:9      | Slain by a two-headed ogre

Vault maps used:
D:1:      ncdulo_watergridlock, serial_glass, glass_columns_b, glass_columns_b,
          due_unseen_surprise, hex_large, kennysheep_nondescript
D:2:      lemuel_doored_altar
D:3:      minivault_26, grunt_ministairs_1, lemuel_blue_sif_altar, uniq_iyjb
D:4:      kennysheep_six_static_rooms, gammafunk_temple_overflow_wave,
          nemelex_xobeh_ov_fountains_minmay, corner_web_ring, dk_vineyard_3
D:5:      amethyst_overflow_temple_binary, first_bread,
          nemelex_spade_bored_becter, uniq_eustachio
D:6:      minmay_temple_entry_statues_pillars, hangedman_minor_gate_pass,
          uniq_edmund
D:7:      kennysheep_mini, serial_shops, shop, uniq_duvessa
D:8:      nrook_loot_triangle
Temple:   eino_temple_water

Skill      XL: |  1  2  3  4  5  6  7  8  9 |
---------------+----------------------------+-----
Spellcasting   | 3 4 5 6 8 |  8.0
Necromancy     | 5 6 7 8 |  8.0
Long Blades    | 1 2 3 4 6 7 |  7.5
Fighting       | 1 |  1.6
Dodging        | 2 |  2.3
Stealth        | |  1.5

Action                   |  1- 3 |  4- 6 |  7- 9 || total
-------------------------+-------+-------+-------++-------
Melee: Spear             |     6 |     3 |       ||     9
       Long sword        |       |    39 |    54 ||    93
       Scimitar          |       |       |   129 ||   129
 Cast: Pain              |    73 |   113 |    53 ||   239
       Vampiric Draining |       |     3 |    58 ||    61
       Animate Dead      |       |       |     1 ||     1
       Control Undead    |       |       |     1 ||     1
  Use: Scroll            |       |     7 |     8 ||    15
 Stab: Sleeping          |       |     3 |     2 ||     5
       Confused          |       |       |     1 ||     1
Armor: Robe              |     3 |    19 |    24 ||    46
Dodge: Dodged            |    20 |    75 |   244 ||   339
       Rpst.: Long sword |       |    24 |    31 ||    55
       Scimitar          |       |       |    39 ||    39
